 Dungeon Crawl Stone Soup version 0.22.1-6-g1668fe2 (console) character file.

41 erker the Slasher (level 3, -3/31 HPs)
             Began as a Minotaur Gladiator on Jan 30, 2019.
             Hit by a javelin thrown by a gnoll (7 damage)
             ... on level 2 of the Dungeon.
             The game lasted 00:01:32 (545 turns).

erker the Slasher (Minotaur Gladiator)               Turns: 545, Time: 00:01:32

Health: -3/31      AC:  3    Str: 19    XL:     3   Next: 32%
Magic:  2/2        EV: 13    Int:  5    God:
Gold:   53         SH:  0    Dex: 11    Spells: 2/2 levels left

rFire    . . .     SeeInvis .   a - +0 long sword
rCold    . . .     Gourm    .   (no shield)
rNeg     . . .     Faith    .   b - +0 leather armour
rPois    .         Spirit   .   c - +0 hat
rElec    .         Reflect  .   (no cloak)
rCorr    .         Harm     .   (no gloves)
MR       .....                  (no boots)
Stlth    +.........             (no amulet)
HPRegen  0.10/turn              (no ring)
MPRegen  0.08/turn              (no ring)

@: no status effects
A: retaliatory headbutt, horns 2
a: no special abilities


You were on level 2 of the Dungeon.
You were not hungry.

You visited 1 branch of the dungeon, and saw 2 of its levels.

You collected 53 gold pieces.

Inventory:

Hand Weapons
 a - a +0 long sword (weapon)
Missiles
 d - 3 throwing nets (quivered)
 g - 30 bolts
 i - 16 arrows
Armour
 b - a +0 leather armour (worn)
 c - a +0 hat (worn)
Scrolls
 e - a scroll of immolation {unknown}
 j - a scroll of remove curse {unknown}
 k - a scroll of magic mapping {unknown}
 l - a scroll of teleportation {unknown}
 m - a scroll of fear {unknown}
Comestibles
 f - 3 rations
 h - 2 chunks of flesh


   Skills:
 + Level 3.0 Fighting
 + Level 4.3 Long Blades
 - Level 2.0 Throwing
 + Level 0.1 Armour
 * Level 4.0 Dodging


You had 2 spell levels left.
You didn't know any spells.
Your spell library was empty.

Dungeon Overview and Level Annotations

Branches:
Dungeon (2/15)

Altars:
Ashenzari
Qazlal
Xom
Yredelemnul


Innate Abilities, Weirdness & Mutations

You reflexively headbutt those who attack you in melee.
You have a pair of horns on your head.


Message History

The gnoll hits you with a spear.
The gnoll hits you from afar with a halberd!
* * * LOW HITPOINT WARNING * * *
You are too injured to fight recklessly!
You are too injured to fight recklessly!
You are too injured to fight recklessly!
You are too injured to fight recklessly!
You are too injured to fight recklessly!
You are too injured to fight recklessly!
You are too injured to fight recklessly!
You are too injured to fight recklessly!
You are too injured to fight recklessly!
You are too injured to fight recklessly!
You are too injured to fight recklessly!
You are too injured to fight recklessly!
You are too injured to fight recklessly!
You are too injured to fight recklessly!
The gnoll misses you.
The gnoll throws a javelin.
The javelin hits you!
You die...

##### #
...#+#########+ #.
####.............
...#.........g......
.......>.....g......
#......@..g......
#...<....).......
#...)............
#................
#................
#..(.............
#................
###..#+##########
#..#


You could see 3 gnolls.

Vanquished Creatures
  An adder (D:2)
  2 bats (D:1)
  A giant cockroach (D:1)
  4 goblins
  8 hobgoblins (D:1)
  4 jackals (D:1)
  A ball python (D:1)
  A frilled lizard (D:1)
  2 kobolds (D:1)
  3 rats
27 creatures vanquished.

Notes
Turn   | Place    | Note
-------+----------+-------------------------------------------
     0 | D:1      | erker the Minotaur Gladiator began the quest for the Orb.
     0 | D:1      | Reached XP level 1. HP: 18/18 MP: 0/0
   171 | D:1      | Reached XP level 2. HP: 25/25 MP: 1/1
   471 | D:1      | Found a shimmering altar of Xom.
   473 | D:1      | Found a basalt altar of Yredelemnul.
   473 | D:1      | Found a stormy altar of Qazlal.
   476 | D:1      | Found a shattered altar of Ashenzari.
   476 | D:1      | Found a shimmering altar of Xom.
   476 | D:1      | Found a basalt altar of Yredelemnul.
   531 | D:2      | Reached XP level 3. HP: 31/31 MP: 2/2
   545 | D:2      | Hit by a javelin thrown by a gnoll

Skill      XL: |  1  2  3 |
---------------+----------+-----
Long Blades    | 4 |  4.3
Fighting       | 3 |  3.0
Dodging        | 4 |  4.0
Throwing       | |  2.0
Armour         | |  0.1

Action                   || total
-------------------------++-------
Melee: Long sword        ||    36
       Headbutt          ||    11
Armor: Leather armour    ||     7
Dodge: Dodged            ||    31
       Rpst.: Long sword ||    13
